 Dungeon Crawl Stone Soup version 0.31-a0-506-g3d79149578 (webtiles) character file.

Game seed: 12892196400641175080

2746 MacCMillion the Grappler (level 9, -1/84 HPs)
             Began as a Troll Shapeshifter on Aug 9, 2023.
             Slain by a killer bee (3 damage)
             ... on level 7 of the Dungeon.
             The game lasted 00:09:02 (4663 turns).

MacCMillion the Grappler (Troll Shapeshifter)       Turns: 4663, Time: 00:09:02

Health: -1/84      AC:  5    Str: 29    XL:     9   Next: 41%
Magic:  8/8        EV:  9    Int:  4    God:
Gold:   385        SH:  0    Dex: 10    Spells: 8/8 levels left

rFire   . .          .
                       - Unarmed
rCold   . . .        (shield currently unavailable)
rNeg    . . .        x - +0 troll leather armour {Pargi}
rPois   .            (helmet restricted)
rElec   .            (no cloak)
rCorr   .            (gloves unavailable)
SInv    +            (boots unavailable)
Will    .....        (no amulet)
Stlth   +            j - ring of see invisible
HPRegen 1.94/turn    (no ring)
MPRegen 0.11/turn

%: no passive effects
@: lethally poisoned (-1 -> -27), flux-form, glowing
A: glow, contaminating, large, unfitting armour, claws 3, regeneration 1, shaggy
fur 1, tough skin 1
a: Begin Untransformation


You were on level 7 of the Dungeon.
You were something dangerously unstable.
You visited 1 branch of the dungeon, and saw 7 of its levels.
You also visited: Sewer.

You collected 385 gold pieces.

Inventory:

Missiles
 m - 23 poisoned darts
Armour
 a - a +0 animal skin
 x - a +0 troll leather armour (worn) {Pargi}
 I - a +0 kite shield
Jewellery
 j - a ring of see invisible (left claw)
 H - an amulet of the acrobat
Talismans
 c - a beast talisman
 d - a flux talisman (active)
 p - a flux talisman (active)
Wands
 D - a wand of iceblast (6)
Scrolls
 f - 8 scrolls of identify {unknown}
 g - 3 scrolls of poison {unknown}
 h - 2 scrolls of fear {unknown}
 i - a scroll of brand weapon {unknown}
 k - a scroll of amnesia {unknown}
 n - 5 scrolls of teleportation {unknown}
 o - a scroll of enchant armour {unknown}
 q - a scroll of vulnerability {unknown}
 y - a scroll of blinking {unknown}
 A - 2 scrolls of torment {unknown}
 B - a scroll of summoning {unknown}
 C - a scroll of enchant weapon {unknown}
 F - a scroll of immolation {unknown}
 G - a scroll of revelation {unknown}
Potions
 b - 2 potions of lignification
 e - 3 potions of degeneration {unknown}
 l - a potion of cancellation {unknown}
 r - 2 potions of mutation {unknown}
 s - a potion of haste {unknown}
 t - a potion of heal wounds {unknown}
 u - 3 potions of attraction {unknown}
 v - 4 potions of curing {unknown}
 w - a potion of invisibility {unknown}
 z - 4 potions of might {unknown}
 E - a potion of enlightenment {unknown}


   Skills:
 + Level 4.2 Fighting
 - Level 1.5 Dodging
 + Level 9.4 Unarmed Combat
 + Level 7.3 Shapeshifting


You had 8 spell levels left.
You didn't know any spells.
Your spell library contained the following spells:

 Spells                   Type           Power      Damage    Failure   Level
 Stone Arrow              Conj/Erth      0%         3d7       88%         3
 Animate Armour           Summ/Erth      0%         N/A       99%         4
 Lehudib's Crystal Spear  Conj/Erth      0%         10d2      100%        8


Dungeon Overview and Level Annotations

Branches:
Dungeon (7/15)              Sewer (visited)
 Temple: D:4-7

Altars:
Cheibriados
Hepliaklqana
Trog
Xom


Innate Abilities, Weirdness & Mutations

You are something dangerously unstable.
You glow with magical radiation, making you easy to see and hit.
Foes you strike become dangerously contaminated with magical radiation.
You are incapable of wielding weapons or throwing items.
You are too large for most types of armour.
You have claws for hands.
Your natural rate of healing is unusually fast.
You are covered in fur. (AC +1)
You have tough skin. (AC +1)


Message History

You are more poisoned.
The killer bee poisons you! The killer bee stings you.
You closely miss the killer bee.
You feel sick. The killer bee stings you. x4
You are more poisoned.
The killer bee poisons you!
You claw the killer bee!
The killer bee begins to glow.
The killer bee is severely wounded.
You feel very sick. The killer bee stings you!
You are more poisoned.
The killer bee poisons you! The killer bee stings you. x2
The killer bee closely misses you.
You scratch the killer bee.
The killer bee glows dangerously bright.
The killer bee is almost dead.
You feel very sick. The killer bee stings you.
You are more poisoned.
The killer bee poisons you! The killer bee barely misses you.
You scratch the killer bee.
The killer bee begins to glow.
The killer bee is moderately wounded.
You feel very sick. The killer bee stings you.
You are more poisoned.
The killer bee poisons you! The killer bee stings you.
* * * LOW HITPOINT WARNING * * *
The killer bee stings you.
* * * LOW HITPOINT WARNING * * *
You are lethally poisoned!
The killer bee poisons you! The killer bee stings you.
* * * LOW HITPOINT WARNING * * *
You claw the killer bee!
You kill the killer bee!
* * * LOW HITPOINT WARNING * * *
You feel extremely sick. The killer bee stings you.
* * * LOW HITPOINT WARNING * * *
You are more poisoned.
The killer bee poisons you! The killer bee stings you.
You die...

......†....########
.>................##.#
.....................#
........).######.###..#
.........## ##...##
........## ##.....#
.......## ##......#
......# ##.......##
...## #...>..B..#
#.......y.# #.........#
..........# ...%......#
.........## .........#
.......###


You could see a killer bee (contam).

Vanquished Creatures
  A wyvern (D:7)
  A steam dragon (D:7)
  2 water moccasins (D:6)
  4 black bears
  An ice beast (D:7)
  Pargi (Sewer)
  An ogre (D:4)
  2 centaurs (D:6)
  2 phantoms (D:5)
  2 gnoll sergeants (D:6)
  A kobold brigand (D:5)
  2 bullfrogs
  2 killer bees (D:7)
  A hound (D:6)
  3 jellies
  6 orc priests
  A gnoll bouda (D:4)
  An iguana (D:5)
  A sleepcap (D:4)
  8 orc wizards
  Robin (D:2)
  10 gnolls
  11 adders
  3 shadow imps
  2 white imps
  3 ufetubi
  A worm (D:4)
  A dart slug (D:4)
  22 orcs
  8 endoplasms
  3 giant cockroaches
  14 goblins
  9 hobgoblins
  7 jackals
  12 kobolds
  4 quokkas
  8 ball pythons
  8 bats
  3 frilled lizards (D:1)
  7 rats
180 creatures vanquished.

Notes
Turn   | Place    | Note
-------+----------+-------------------------------------------
     0 | D:1      | MacCMillion the Troll Shapeshifter began the quest for the
                  | Orb.
     0 | D:1      | Reached XP level 1. HP: 18/18 MP: 0/0
    77 | D:1      | Reached XP level 2. HP: 26/26 MP: 1/1
   239 | D:1      | Reached skill level 4 in Unarmed Combat
   561 | D:2      | Noticed Robin
   574 | D:1      | Reached XP level 3. HP: 29/32 MP: 2/2
   750 | D:2      | Killed Robin
   807 | D:2      | Reached skill level 5 in Unarmed Combat
   807 | D:2      | Reached XP level 4. HP: 40/40 MP: 3/3
  1448 | D:3      | Reached XP level 5. HP: 46/46 MP: 4/4
  1539 | D:3      | Found a snail-covered altar of Cheibriados.
  1545 | D:3      | Found a hazy altar of Hepliaklqana.
  1822 | D:4      | Reached skill level 6 in Unarmed Combat
  1966 | D:4      | Reached XP level 6. HP: 52/54 MP: 5/5
  1969 | D:4      | Reached skill level 7 in Unarmed Combat
  2102 | D:4      | Found a glowing drain.
  2115 | Sewer    | Entered a sewer
  2215 | Sewer    | Noticed Pargi
  2225 | Sewer    | Killed Pargi
  2226 | Sewer    | Reached skill level 8 in Unarmed Combat
  2226 | Sewer    | Reached XP level 7. HP: 30/61 MP: 6/6
  2769 | D:5      | Entered Level 5 of the Dungeon
  2769 | D:5      | Found a bloodstained altar of Trog.
  2779 | D:4      | Reached skill level 5 in Shapeshifting
  2866 | D:5      | Reached XP level 8. HP: 68/68 MP: 7/7
  2993 | D:5      | Reached skill level 1 in Fighting
  3643 | D:6      | Reached XP level 9. HP: 71/83 MP: 8/8
  3655 | D:6      | Reached skill level 9 in Unarmed Combat
  3779 | D:6      | Found a shimmering altar of Xom.
  4663 | D:7      | HP: 2/84 [killer bee (3)]
  4663 | D:7      | Slain by a killer bee

Illustrated notes

Levels and vault maps discovered:
D:1:      eino_arrival_water_star, layout_basic
D:2:      layout_loops_ring, grunt_decor_arrowhead, uniq_robin
D:3:      layout_basic, jmf_multi_god_temple
D:4:      layout_rooms, cheibrodos_sewer_entry_drain
D:5:      layout_gridville, trog_ov_bears_minmay, minmay_misc_feat_encased
D:6:      minmay_inner_zag, layout_cave_pods, lemuel_doored_altar
D:7:      layout_cave_pods, minmay_temple_entry_steel_oval, roderic_lattice_a

Skill      XL: |  1  2  3  4  5  6  7  8  9 |
---------------+----------------------------+-----
Unarmed Combat | 4 5 6 8 9 |  9.4
Shapeshifting  | 5 6 7 |  7.3
Fighting       | 3 4 |  4.2
Dodging        | |  1.5

Action                     |  1- 3 |  4- 6 |  7- 9 || total
---------------------------+-------+-------+-------++-------
  Melee: Unarmed           |    86 |   157 |   193 ||   436
         Punch             |       |     5 |     9 ||    14
   Stab: Sleeping          |       |     2 |       ||     2
 Armour: Animal skin       |    31 |    31 |       ||    62
         Troll leather arm |       |       |    70 ||    70
  Dodge: Dodged            |    51 |    60 |    86 ||   197
   Form: Flux              |       |       |     1 ||     1

Table legend: (Time is in decaauts)
 A = Elapsed time spent in this place.
 B = Non-inter-level travel time spent in this place.
 C = Inter-level travel time spent in this place.
 D = Time resting spent in this place.
 E = Time spent auto-exploring this place.
 F = Levels seen in this place.
 G = Mean time per level.
                   A        B        C        D        E       F      G
               +--------+--------+--------+--------+--------+-----+--------+
         Total |   4610 |   4456 |    154 |    445 |   2897 |   8 |  576.2 |
       Dungeon |   4440 |   4286 |    154 |    417 |   2808 |   7 |  634.3 |
         Sewer |    169 |    169 |      0 |     28 |     89 |   1 |  169.0 |
               +--------+--------+--------+--------+--------+-----+--------+

Top non-repeatable levels by time:
     D:6: 1033 daAuts
     D:4: 773 daAuts
     D:1: 700 daAuts
     D:2: 603 daAuts
     D:3: 522 daAuts
     D:5: 519 daAuts
     D:7: 288 daAuts
   Sewer: 169 daAuts
